 Dungeon Crawl Stone Soup version 0.17-a0-1838-g891d947 (webtiles) character file.

3924 abixa the Grappler (level 10, -12/89 HPs)
             Began as a Ghoul Monk on Sept 15, 2015.
             Was a Believer of Okawaru.
             Mangled by Gastronok (19 damage)
             ... on level 8 of the Dungeon.
             The game lasted 00:25:21 (6954 turns).

abixa the Grappler (Ghoul Monk)                     Turns: 6954, Time: 00:25:21

Health: -12/89     AC:  6    Str: 16    XL:     10   Next: 20%
Magic:  10/10      EV: 16    Int:  5    God:    Okawaru [**....]
Gold:   157        SH:  0    Dex: 14    Spells: 0 memorised, 9 levels left

rFire  . . .     SeeInvis .       - Unarmed
rCold  + + .     Clarity  .     M - +1 leather armour {rC+}
rNeg   + + +     SustAt   +     (no shield)
rPois  ∞         Gourm    .     r - +0 helmet
rElec  .         Spirit   .     Y - +0 cloak
rCorr  .         Warding  .     (no gloves)
rMut   .         Stasis   .     (no boots)
MR     .....                    Z - amulet of inaccuracy (curse)
Stlth  ++........               T - ring of wizardry
                                v - ring of sustain attributes

@: rotting, not resistant to hostile enchantments, unstealthy
A: rotting body, claws 1, carnivore 3, cold resistance 1, negative energy
resistance 3, slow healing 1, torment resistance, unbreathing
a: Heroism, Renounce Religion


You were on level 8 of the Dungeon.
You worshipped Okawaru.
Okawaru was pleased with you.
You were not hungry.

You visited 2 branches of the dungeon, and saw 9 of its levels.

You collected 339 gold pieces.
You spent 182 gold pieces at shops.

Inventory:

Hand weapons
 h - a +0 whip of venom
 l - a +0 spear
 w - a +0 hunting sling
 A - a -2 blowgun
Missiles
 e - 47 sling bullets
 f - 145 stones (quivered)
 k - 143 arrows
 m - 18 poisoned needles
 p - 54 bolts
 C - 11 silver bolts
 R - 4 tomahawks
Armour
 r - a +0 helmet (worn)
 s - a +2 cloak of magic resistance
 M - a +1 leather armour of cold resistance (worn)
 Y - a +0 cloak (worn)
Jewellery
 v - a ring of sustain attributes (left claw)
 T - a ring of wizardry (right claw)
 Z - a cursed amulet of inaccuracy (around neck)
Magical devices
 y - a wand of digging (16)
 I - a wand of fire (5)
 P - a wand of draining (3)
 V - a wand of digging (10)
Scrolls
 c - 4 scrolls of fog
 d - 4 scrolls of remove curse
 j - 2 scrolls of enchant weapon
 x - a scroll of fear
 H - 2 scrolls of magic mapping
 J - a scroll of immolation
 K - 4 scrolls of teleportation
 L - a scroll of recharging {unknown}
 Q - a scroll of amnesia {unknown}
 S - a scroll of random uselessness {unknown}
 U - a scroll of blinking {unknown}
Potions
 a - 2 potions of heal wounds
 n - 3 potions of curing
 o - a potion of poison {unknown}
 u - a potion of invisibility {unknown}
 z - a potion of resistance {unknown}
 B - a potion of ambrosia {unknown}
 D - 3 potions of agility
 F - a potion of magic {unknown}
 N - a potion of haste {unknown}
 O - a potion of lignification {unknown}
Books
 t - a book of Callings

   Spells                             Type                      Level
   a - Summon Small Mammal            Summoning                    1
   b - Call Imp                       Summoning                    2
   c - Call Canine Familiar           Summoning                    3
   d - Summon Guardian Golem          Hexes/Summoning              3
   e - Summon Lightning Spire         Summoning/Air                4
   f - Summon Ice Beast               Ice/Summoning                4
 W - a book of Death

   Spells                             Type                      Level
   a - Corpse Rot                     Necromancy                   2
   b - Sublimation of Blood           Necromancy                   2
   c - Agony                          Necromancy                   5
   d - Dispel Undead                  Necromancy                   5
   e - Excruciating Wounds            Charms/Necromancy            5
   f - Bolt of Draining               Conjuration/Necromancy       5
Comestibles
 b - 4 meat rations
 i - a royal jelly
 q - a slice of pizza
 E - 2 beef jerkies


   Skills:
 + Level 8.3 Fighting
 - Level 3.2 Armour
 + Level 8.1 Dodging
 - Level 2.1 Stealth
 + Level 10.2 Unarmed Combat
 - Level 2.1 Invocations


You had 9 spell levels left.
You didn't know any spells.

Dungeon Overview and Level Annotations

Branches:
Dungeon (8/15)             Temple (1/1) D:7            Lair (0/8) D:8

Altars:
Ashenzari
Dithmenos
Elyvilon
Fedhas
Kikubaaqudgha
Makhleb
Nemelex Xobeh
Okawaru
Qazlal
Ru
Trog
Vehumet
Xom
Yredelemnul
Zin
The Shining One

Shops:
D:4 *   D:6 !

Annotations:
D:8 Gastronok


Innate Abilities, Weirdness & Mutations

Your body is rotting away.
You thrive on raw meat.
You are immune to poison.
You have sharp fingernails.
You are carnivorous and can eat meat at any time.
Your flesh is cold resistant.
You are immune to negative energy.
You heal slowly when monsters are visible.
You are immune to unholy pain and torment.
You can survive without breathing.


Message History

You are too injured to fight recklessly!
You are too injured to fight recklessly!
You claw Gastronok!
Gastronok is moderately wounded.
You claw Gastronok!
Gastronok is heavily wounded.
Gastronok bites you!!
* * * LOW HITPOINT WARNING * * *
You claw Gastronok!
Gastronok is heavily wounded.
Evoke which item? (* to show all) (? for menu, Esc to quit)
Zapping:
P - a wand of draining (will waste charges)
Press: ? - help, Shift-Dir - straight line, f/p - Gastronok
Aim: Gastronok, wearing a glowing hat (heavily wounded, poisoned, covering ground quickly)
The bolt of negative energy hits Gastronok.
Gastronok is drained!
Gastronok is severely wounded.
Evoking this partially-identified wand wasted a few charges.
Gastronok bites you!!
You die...

######+##............(((.
####.......#.............#
...#.......#.............##
...#.......'..............+
...+.......#.......##....##.. .%.
...#.......#.......##'#### .. ...
..##.......#.............# .. #..
..#........#.............# .##..
.))........#.....@w......+ ....
.)#).......#.......##....# ...
..#........'.......##....# #..
..#........#!......#.....###+####..
..#.......[#.......+......+........
..'........#.......# .....#...<##..
..#........#.......# ...###....##..
..#........#.......##..# #........
..#........+)......##..# #........


You could see Gastronok.

Vanquished Creatures
  Pikel (D:7)
  A two-headed ogre (D:8)
  Grinder (D:4)
  Sigmund (D:3)
  A spriggan (D:7)
  Eustachio (D:4)
  A hungry ghost (D:8)
  A hippogriff (D:7)
  Menkaure (D:3)
  Duvessa (D:6)
  2 ice beasts
  A sky beast (D:5)
  A slave (D:7)
  2 ogres
  A crocodile (D:7)
  3 centaurs
  2 giant frogs
  A big kobold (D:7)
  A wyvern zombie (D:8)
  Dowan (D:6)
  A scorpion (D:5)
  2 quasits
  4 crimson imps (D:7)
  A giant frog zombie (D:6)
  2 jellies
  5 hounds
  3 orc wizards (D:7)
  Crazy Yiuf (D:2)
  An orc priest (D:6)
  3 worker ants (D:4)
  Jessica (D:3)
  An iguana (D:6)
  A hound zombie (D:7)
  A hound skeleton (D:6)
  11 adders
  3 gnolls (D:8)
  A shadow imp (D:6)
  An adder zombie (D:5)
  6 worms
  4 giant geckos
  16 orcs
  6 goblins
  10 hobgoblins
  6 jackals
  20 kobolds
  5 quokkas
  A ball python (D:1)
  6 bats
  4 giant cockroaches
  4 giant newts
  A quokka skeleton (D:7)
  10 rats
  A plant (D:1)
168 creatures vanquished.

Notes
Turn   | Place    | Note
--------------------------------------------------------------
     0 | D:1      | abixa the Ghoul Monk began the quest for the Orb.
     0 | D:1      | Reached XP level 1. HP: 19/19 MP: 0/0
   206 | D:1      | Reached XP level 2. HP: 23/26 MP: 1/1
   747 | D:1      | Reached XP level 3. HP: 30/33 MP: 2/2
   841 | D:2      | Found a stormy altar of Qazlal.
  1010 | D:2      | Noticed Crazy Yiuf
  1016 | D:2      | Paralysed by Crazy Yiuf for 6 turns
  1042 | D:2      | Killed Crazy Yiuf
  1136 | D:2      | Reached skill level 5 in Fighting
  1136 | D:2      | Reached XP level 4. HP: 40/42 MP: 3/3
  1764 | D:3      | Noticed Jessica
  1773 | D:3      | Killed Jessica
  1773 | D:3      | Reached skill level 1 in Armour
  1773 | D:3      | Reached XP level 5. HP: 43/48 MP: 4/4
  1801 | D:3      | Noticed Sigmund
  2428 | D:3      | Found a basalt altar of Yredelemnul.
  2437 | D:3      | Reached skill level 5 in Unarmed Combat
  2621 | D:3      | Killed Sigmund
  2621 | D:3      | Reached skill level 6 in Unarmed Combat
  2621 | D:3      | Reached XP level 6. HP: 47/56 MP: 5/5
  2699 | D:4      | Found Ifoeg's General Store.
  2702 | D:4      | Bought a scroll of identify for 26 gold pieces
  2702 | D:4      | Bought a scroll of magic mapping for 45 gold pieces
  2788 | D:4      | Noticed Menkaure
  2789 | D:4      | Noticed Grinder
  2823 | D:3      | Killed Menkaure
  2823 | D:3      | Reached skill level 7 in Unarmed Combat
  2823 | D:3      | Reached XP level 7. HP: 11/61 MP: 6/6
  3038 | D:4      | Killed Grinder
  3038 | D:4      | Reached skill level 8 in Unarmed Combat
  3468 | D:4      | Reached XP level 8. HP: 68/68 MP: 7/7
  3545 | D:4      | Noticed Eustachio
  3574 | D:4      | Killed Eustachio
  3648 | D:4      | Found a burning altar of Makhleb.
  3759 | D:4      | Bought a scroll of teleportation for 39 gold pieces
  3794 | D:5      | Entered Level 5 of the Dungeon
  4722 | D:6      | Found Seqifischi's Distillery.
  4731 | D:6      | Bought a potion of degeneration for 12 gold pieces
  4731 | D:6      | Bought a potion of heal wounds for 60 gold pieces
  4830 | D:6      | Reached skill level 9 in Unarmed Combat
  4854 | D:6      | Noticed Duvessa
  4862 | D:6      | Reached skill level 5 in Dodging
  4872 | D:6      | Killed Duvessa
  4880 | D:6      | Reached XP level 9. HP: 64/78 MP: 8/8
  4883 | D:6      | Noticed Dowan
  4895 | D:6      | Killed Dowan
  5166 | D:6      | Found a shattered altar of Ashenzari.
  5514 | D:7      | Noticed Pikel
  5528 | D:7      | Killed Pikel
  5741 | D:7      | Found a staircase to the Ecumenical Temple.
  5747 | Temple   | Entered the Ecumenical Temple
  5785 | Temple   | Became a worshipper of Warmaster Okawaru
  5785 | Temple   | Acquired Okawaru's first power
  6036 | D:7      | Reached skill level 1 in Invocations
  6229 | D:7      | Reached XP level 10. HP: 85/87 MP: 10/10
  6593 | D:7      | Reached skill level 10 in Unarmed Combat
  6637 | D:8      | Found a staircase to the Lair.
  6907 | D:8      | Noticed Gastronok
  6954 | D:8      | Mangled by Gastronok

Vault maps used:
D:1:      minmay_arrival_semitransparent, lexackson_kobold_supper
D:2:      grunt_qazlal_clouds, uniq_crazy_yiuf_cottage
D:3:      nicolae_overflow_crystal_walls, kennysheep_generic_room_5,
          uniq_jessica, uniq_sigmund
D:4:      makhleb_blood_cavern_becter, serial_shops, kennysheep_mini,
          uniq_menkaure, uniq_eustachio, uniq_grinder
D:5:      first_bread, minmay_misc_feat_rugged
D:6:      nicolae_overflow_hidden_temple, serial_shops, nicolae_shop_crystal,
          kennysheep_generic_room_13, uniq_duvessa
D:7:      minmay_temple_entry_hall, the_bakery, uniq_pikel
D:8:      kennysheep_mini_moat, gammafunk_temple_overflow_elements,
          lair_0_dummy, uniq_gastronok
Temple:   circular_temple_12

Action                   |  1- 3 |  4- 6 |  7- 9 | 10-12 || total
-------------------------+-------+-------+-------+-------++-------
Melee: Unarmed           |    14 |     6 |   394 |    65 ||   479
       Whip              |    67 |   210 |       |       ||   277
 Fire: Blowgun           |       |     5 |     4 |    12 ||    21
Evoke: Wand              |       |       |       |     1 ||     1
  Use: Scroll            |       |     2 |     3 |     2 ||     7
 Stab: Sleeping          |     3 |       |     2 |     2 ||     7
  Eat: Chunk             |    18 |     3 |    24 |     4 ||    49
